 Dungeon Crawl Stone Soup version 0.16-a0-1029-gdfc7942 (webtiles) character file.

123 Kashira the Chiller (level 4, 16/18 HPs)
             Began as a Felid Ice Elementalist on Oct 4, 2014.
             Quit the game on level 4 of the Dungeon.
             The game lasted 00:10:49 (4233 turns).

Kashira the Chiller (Felid Ice Elementalist)        Turns: 4233, Time: 00:10:50

HP  16/18        AC  1     Str  5      XL: 4   Next: 80%
MP  11/12        EV 18     Int 16      God:
Gold 73          SH  0     Dex 16      Spells:  4 memorised,  2 levels left
Lives: 1, deaths: 0

rFire  . . .     SeeInvis +     (weapon unavailable)
rCold  . . .     Clarity  +     (armour unavailable)
rNeg   . . .     rCorr    .     (shield unavailable)
rPois  .         rRot     .     (helmet unavailable)
rElec  .         Spirit   .     (cloak unavailable)
SustAb .         Warding  .     (gloves unavailable)
rMut   .         Stasis   .     (boots unavailable)
Gourm  .                        d - amulet of clarity
MR     .....                    (no ring)
                                (no ring)

@: quick, not resistant to hostile enchantments, fairly stealthy
A: paw claws, no armour, no weapons or thrown items, fangs 3, see invisible,
carnivore 3, speed 1, shaggy fur 1, slow metabolism 1, jump 1
a: Jump Attack


You were on level 4 of the Dungeon.
You were very full.

You visited 1 branch of the dungeon, and saw 4 of its levels.

You collected 73 gold pieces.

Inventory:

Comestibles
 c - 2 meat rations
 i - a beef jerky
 o - a chunk of gnoll flesh
Scrolls
 a - 2 scrolls of teleportation {unknown}
 e - a scroll of enchant weapon {unknown}
 g - a scroll of fear {unknown}
 h - 3 scrolls of remove curse {unknown}
 k - 3 scrolls of identify {unknown}
 l - a scroll of amnesia {unknown}
 r - a scroll of fog {unknown}
Jewellery
 d - an amulet of clarity (around neck)
 n - an uncursed ring of protection from fire {unknown}
 s - an uncursed ring of wizardry {unknown}
 v - a +2 ring of strength {unknown}
Potions
 f - 5 potions of brilliance {unknown}
 j - a potion of restore abilities {unknown}
 q - a potion of mutation {unknown}
Books
 b - a book of Frost

   Spells                             Type                      Level
   *Freeze                            Ice                          1
   *Throw Frost                       Conjuration/Ice              2
   *Ozocubu's Armour                  Charms/Ice                   3
   Throw Icicle                       Conjuration/Ice              4
   Summon Ice Beast                   Ice/Summoning                4
   Condensation Shield                Ice                          4
 m - a book of Necromancy

   Spells                             Type                      Level
   Pain                               Necromancy                   1
   *Animate Skeleton                  Necromancy                   1
   Vampiric Draining                  Necromancy                   3
   Regeneration                       Charms/Necromancy            3
   Animate Dead                       Necromancy                   4
   Control Undead                     Necromancy                   4


   Skills:
 - Level 2.8 Dodging
 - Level 2.6 Stealth
 - Level 3.2 Spellcasting
 - Level 0.8 Conjurations
 + Level 4.3 Ice Magic


You had 2 spell levels left.
You knew the following spells:

 Your Spells              Type           Power        Failure   Level  Hunger
a - Freeze                Ice            ###.         3%          1    None
b - Throw Frost           Conj/Ice       ##....       12%         2    ##.....
c - Animate Skeleton      Necr           N/A          21%         1    None
d - Ozocubu's Armour      Chrm/Ice       #.......     28%         3    ###....


Dungeon Overview and Level Annotations

Branches:
Dungeon (4/15)
 Temple: D:4-7

Altars:

Annotations:
D:4 Natasha


Innate Abilities, Weirdness & Mutations

You cannot wear armour.
You are incapable of wielding weapons or throwing items.
Your paws have sharp claws.
You have razor-sharp teeth.
You have supernaturally acute eyesight.
You are carnivorous and can eat meat at any time.
You cover ground quickly.
You are covered in fur (AC +1).
You have a slow metabolism.
You can jump attack at a short distance.


Message History

Casting: Freeze
Confirm with . or Enter, or press ? or * to list all spells.
You miscast Animate Skeleton.
You are very lightly contaminated with residual magic.
You smell decay.
You start resting.
Your magical contamination has completely faded away.
You start resting.
Magic restored.
Casting: Animate Skeleton
Confirm with . or Enter, or press ? or * to list all spells.
You attempt to give life to the dead...
Before your eyes, flesh is ripped from the corpse!
The dead are walking!
o - a chunk of gnoll flesh Unknown command.
You swap places.
Things that are here:
a spear; a gnoll corpse Are you sure you want to abandon this character and quit the game? (Confirm with "yes".)

###
#<#
#.#
#.#
#Z#
#@#
#.#
.)%
##[#.
#.#.#
#.# #
#.#
#..
###


You could see a friendly gnoll skeleton.

Vanquished Creatures
  Jessica (D:2)
  3 gnolls (D:4)
  2 adders
  A worm (D:2)
  2 giant geckos
  An ooze (D:3)
  4 orcs
  3 giant cockroaches
  5 hobgoblins
  2 jackals (D:3)
  9 kobolds
  6 bats
  3 giant newts
  3 goblins
  4 rats
49 creatures vanquished.

Notes
Turn   | Place    | Note
--------------------------------------------------------------
     0 | D:1      | Kashira, the Felid Ice Elementalist, began the quest for the Orb.
     0 | D:1      | Reached XP level 1. HP: 7/7 MP: 4/4
   618 | D:1      | Reached XP level 2. HP: 9/11 MP: 0/6
   996 | D:1      | Reached skill level 3 in Spellcasting
  1023 | D:1      | Learned a level 2 spell: Throw Frost
  1797 | D:2      | Learned a level 1 spell: Animate Skeleton
  1823 | D:2      | Reached XP level 3. HP: 14/14 MP: 8/10
  1967 | D:2      | Noticed Jessica
  2152 | D:2      | Killed Jessica
  3111 | D:3      | Reached XP level 4. HP: 15/18 MP: 4/12
  3120 | D:3      | Learned a level 3 spell: Ozocubu's Armour
  3978 | D:4      | Noticed Natasha
  4123 | D:4      | Reached skill level 4 in Ice Magic
  4233 | D:4      | Quit the game

Action                   |  1- 3 |  4- 6 || total
-------------------------+-------+-------++-------
Melee: Unarmed           |    13 |     1 ||    14
 Cast: Freeze            |    46 |    11 ||    57
       Throw Frost       |    22 |    24 ||    46
       Animate Skeleton  |     7 |     9 ||    16
 Abil: Jump Attack       |     1 |     1 ||     2
 Stab: Sleeping          |     1 |       ||     1
  Eat: Chunk             |    11 |     3 ||    14
